 Dungeon Crawl Stone Soup version 0.25-a0-419-g7650d0de75 (webtiles) character file.

Game seed: 12550282361298186354, levelgen mode: deterministic

461 kae the Cudgeler (level 7, 0/52 HPs)
             Began as a Formicid Abyssal Knight on Jan 17, 2020.
             Was a Priest of Lugonu.
             Slain by an orc
             ... wielding a +0 flail
              (7 damage)
             ... on level 4 of the Dungeon.
             The game lasted 00:03:27 (3376 turns).

kae the Cudgeler (Formicid Abyssal Knight)          Turns: 3376, Time: 00:03:28

Health: 0/52       AC:  3    Str: 18    XL:     7   Next: 28%
Magic:  10/10      EV: 11    Int: 12    God:    Lugonu [***...]
Gold:   94         SH:  0    Dex: 10    Spells: 6/6 levels left

rFire    . . .     SeeInvis +   h - +1 whip (venom)
rCold    . . .     Gourm    .   (no shield)
rNeg     . . .     Faith    .   b - +0 leather armour
rPois    .         Spirit   .   (helmet unavailable)
rElec    .         Reflect  .   (no cloak)
rCorr    .         Harm     .   (no gloves)
MR       .....                  (no boots)
Stlth    +.........             (no amulet)
HPRegen  0.17/turn              (no ring)
MPRegen  0.12/turn              (no ring)

@: no status effects
A: permanent stasis, dig shafts and tunnels, four strong arms, antennae 3
a: Dig, Shaft Self, Depart the Abyss, Bend Space, Banish, Renounce Religion


You were on level 4 of the Dungeon.
You worshipped Lugonu.
Lugonu was most pleased with you.
You were not hungry.

You visited 1 branch of the dungeon, and saw 4 of its levels.
You visited the Abyss 1 time.

You collected 94 gold pieces.

Inventory:

Hand Weapons
 a - a +1 mace
 h - a +1 whip of venom (weapon)
Armour
 b - a +0 leather armour (worn)
Jewellery
 o - a cursed +4 ring of dexterity {unknown}
 q - a +4 ring of dexterity {unknown}
Scrolls
 d - a scroll of fog {unknown}
 f - 4 scrolls of identify {unknown}
 i - a scroll of random uselessness {unknown}
 j - a scroll of magic mapping {unknown}
 m - a scroll of blinking {unknown}
 p - a scroll of remove curse {unknown}
Potions
 g - 2 potions of curing
 k - a potion of heal wounds {unknown}
 l - a potion of brilliance {unknown}
 n - a potion of magic {unknown}
Comestibles
 c - 4 rations


   Skills:
 - Level 3.3 Fighting
 * Level 6.0 Maces & Flails
 - Level 2.3 Armour
 - Level 1.0 Dodging
 + Level 5.2 Invocations


You had 6 spell levels left.
You didn't know any spells.
Your spell library was empty.

Dungeon Overview and Level Annotations

Branches:
Dungeon (4/15)
 Temple: D:4-7

Altars:
Nemelex Xobeh


Innate Abilities, Weirdness & Mutations

You cannot be hasted, slowed, berserked, paralysed or teleported.
You can dig through walls and to a lower floor.
Your four strong arms can wield two-handed weapons with a shield.
You have a pair of large antennae on your head. (SInv)


Message History

The quokka bites you but does no damage.
You barely miss the quokka. The quokka bites you.
* * * LOW HITPOINT WARNING * * *
You miss the quokka.
You hear the slow hiss of an avalanche of sand nearby.
The quokka barely misses you.
You barely miss the quokka.
The quokka is moderately wounded.
The quokka misses you.
You hit the quokka.
You kill the quokka!
Lugonu accepts your kill.
You hit the orc.
The orc is poisoned.
The orc is moderately wounded.
The orc hits you with a +0 flail.
* * * LOW HITPOINT WARNING * * *
You closely miss the orc.
The orc is moderately wounded.
The orc hits you with a +0 flail!
You die...

#### ... { ...
.... ..#.. ....
#.#.# ..... #.#.#
..... #.#.#
...... #@#.#
......##o#.# .
##..#..÷o#.###%$.
.......<<.......#
.....####..#.....
.... #......##.
... #†.#...# ..
...>#...... .
..........#.#


You could see 2 orcs.

Vanquished Creatures
  A sky beast (D:4)
  A howler monkey (D:3)
  2 orc priests (D:3)
  2 orc wizards
  Jessica (D:3)
  Terence (D:3)
  Robin (D:3)
  An adder (D:2)
  3 gnolls (D:3)
  4 worms
  3 dart slugs
  2 leopard geckos
  3 orcs (D:3)
  3 ball pythons
  4 giant cockroaches
  15 goblins
  14 hobgoblins
  3 jackals (D:2)
  A quokka (D:4)
  10 bats
  4 frilled lizards
  9 kobolds
  5 rats
  A plant (D:1)
94 creatures vanquished.

Notes
Turn   | Place    | Note
-------+----------+-------------------------------------------
     0 | Abyss:1  | kae the Formicid Abyssal Knight began the quest for the
                  | Orb.
     0 | Abyss:1  | Reached XP level 1. HP: 18/18 MP: 2/2
    15 | D:1      | Escaped the Abyss
    32 | D:1      | Reached skill level 1 in Dodging
    75 | D:1      | Reached XP level 2. HP: 18/24 MP: 3/3
   529 | D:1      | Reached XP level 3. HP: 27/29 MP: 3/5
   757 | D:2      | Reached skill level 3 in Maces & Flails
   759 | D:2      | Reached ** piety under Lugonu
   912 | D:2      | Reached XP level 4. HP: 33/35 MP: 6/6
  1658 | D:2      | Found a sparkling altar of Nemelex Xobeh.
  1876 | D:3      | Reached skill level 4 in Maces & Flails
  1876 | D:3      | Reached XP level 5. HP: 27/41 MP: 7/7
  2080 | D:3      | Noticed Terence
  2098 | D:3      | Killed Terence
  2147 | D:3      | Noticed Robin
  2158 | D:3      | Killed Robin
  2637 | D:3      | Noticed Jessica
  2656 | D:3      | Reached XP level 6. HP: 28/47 MP: 9/9
  2670 | D:3      | Reached skill level 5 in Maces & Flails
  2677 | D:3      | Killed Jessica
  3023 | D:3      | Reached *** piety under Lugonu
  3327 | D:4      | Noticed a sky beast
  3339 | D:4      | Killed a sky beast
  3339 | D:4      | Reached skill level 5 in Invocations
  3339 | D:4      | Reached XP level 7. HP: 36/52 MP: 10/10
  3364 | D:4      | Reached skill level 6 in Maces & Flails
  3376 | D:4      | Slain by an orc

Levels and vault maps discovered:
D:1:      grunt_arrival_crossed_arrows, layout_basic,
          chequers_serial_rivers_micro_b, serial_bayou_ford_a
D:2:      layout_loops_ring, lemuel_doored_altar, kennysheep_decorative_pillar
D:3:      layout_rooms, kennysheep_donut, solitary_fountain,
          minmay_misc_feat_secret_circle, due_unseen_surprise, uniq_robin,
          uniq_jessica, uniq_terence
D:4:      layout_basic, enter_ossuary_2, uniq_natasha

Skill      XL: |  1  2  3  4  5  6  7 |
---------------+----------------------+-----
Dodging        | 1 |  1.0
Maces & Flails | 3 4 5 6 |  6.0
Invocations    | 3 4 5 |  5.2
Fighting       | |  3.3
Armour         | |  2.3

Action                   |  1- 3 |  4- 6 |  7- 9 || total
-------------------------+-------+-------+-------++-------
Melee: Mace              |    55 |       |       ||    55
       Whip              |    72 |   194 |    16 ||   282
Invok: Bend Space        |       |     1 |       ||     1
  Use: Potion            |       |     4 |       ||     4
 Stab: Invisible         |       |     3 |       ||     3
  Eat: Chunk             |       |     8 |       ||     8
Armor: Leather armour    |    56 |    39 |     1 ||    96
Dodge: Dodged            |    93 |    93 |     5 ||   191

Table legend:
 A = Non-vault XP
 B = Vault XP
 C = Vault XP percentage of total XP
 D = Non-vault monster count
 E = Vault monster count
 F = Vault count percentage of total count
                 A         B        C        D         E       F
            +---------+---------+-------+---------+---------+-------
      Total |     547 |     112 |  17.0 |      78 |      15 |  16.1
            +---------+---------+-------+---------+---------+-------
        D:1 |      41 |       0 |   0.0 |      25 |       0 |   0.0
        D:2 |      65 |       0 |   0.0 |      24 |       0 |   0.0
        D:3 |     266 |     112 |  29.6 |      24 |      15 |  38.5
        D:4 |     175 |       0 |   0.0 |       5 |       0 |   0.0
            +---------+---------+-------+---------+---------+-------
